AoeStats
← mazibu

Runestones

507934623Analyzed
1v1 RM · 12d ago on Sep 20, 2026· 48m 14s· 2 players
Game mode
Random Map
Map size
Tiny (2 player)
Population
200
Speed
Normal
Resources
Standard
Victory
Conquest
Starting age
Dark Age
Ending age
Imperial Age
RankedLock teamsTeams togetherTeam positionsShared explorationLock speedFull tech treeHidden civsTurbo modeCheats
Victory
Defeat
🇧🇾 Goths · Belarus
1047
+15
🇩🇪 Magyars · Germany
1017
-15
Господь
3:23 Loom
10:14 Feudal Age
10:56 Double-Bit Axe
18:59 Castle Age
16:58 Horse Collar
22:30 Squires
22:57 Elite Skirmisher
28:55 Town Watch
31:28 Scale Mail Armor
32:54 Chain Mail Armor
32:51 Forging
35:10 Pikeman
35:50 Fletching
38:50 Imperial Age
38:16 Wheelbarrow
38:18 Bodkin Arrow
39:12 Anarchy
40:07 Bow Saw
41:47 Bracer
41:36 Halberdier
44:26 Conscription
48:50 Iron Casting
mazibu
6:38 Loom
9:17 Feudal Age
19:36 Castle Age
17:42 Double-Bit Axe
19:29 Fletching
19:41 Padded Archer Armor
20:14 Bodkin Arrow
24:55 Light Cavalry
35:28 Bloodlines
38:12 Imperial Age
37:22 Husbandry
38:26 Corvinian Army
40:36 Scale Barding Armor
41:58 Parthian Tactics
42:15 Hussar
Connection lost

Rejoining the realm…

Still unreachable

The connection could not be restored.

Session expired

The server has moved on; the page needs a fresh start.